 Dungeon Crawl Stone Soup version 0.27-a0-1149-g4505690ab0 (webtiles) character file.

Game seed: 3633570897682839733

56527 Armakuni the Cruncher (level 15, -4/117 HPs)
             Began as a Human Monk on May 13, 2021.
             Was an Elder of Wu Jian.
             Killed by divine providence
             ... invoked by a meliai
              (11 damage)
             ... on level 14 of the Dungeon.
             The game lasted 00:46:33 (18828 turns).

Armakuni the Cruncher (Human Monk)                 Turns: 18828, Time: 00:46:33

Health: -4/117     AC: 19    Str: 16 (17) XL:     15   Next: 22%
Magic:  15/15      EV: 16    Int:  9 (10) God:    Wu Jian [****..]
Gold:   717        SH:  0    Dex: 17      Spells: 14/14 levels left

rFire    . . .     SeeInvis .   a - +2 lajatang (elec)
rCold    . . .     Faith    .   (shield currently unavailable)
rNeg     + . .     Spirit   .   y - +2 ring mail {rPois}
rPois    +         Reflect  .   q - +0 helmet
rElec    .         Harm     .   e - +0 cloak
rCorr    .         Rampage  .   D - +0 pair of gloves
Will     +....                  u - +0 pair of boots
Stlth    +.........             R - amulet of regeneration
HPRegen  1.29/turn              N - ring of positive energy
MPRegen  0.14/turn              P - +4 ring of protection

@: lethally poisoned (-4 -> -10)
A: deterioration 1, no potion heal 1
a: Renounce Religion, Wall Jump, Serpent's Lash


You were on level 14 of the Dungeon.
You worshipped Wu Jian.
Wu Jian was greatly pleased with you.
You visited 2 branches of the dungeon, and saw 15 of its levels.

You collected 1534 gold pieces.
You spent 817 gold pieces at shops.

Inventory:

Hand Weapons
 a - a +2 lajatang of electrocution (weapon)
 b - a +5 quarterstaff of chaos
Missiles
 h - 8 javelins (quivered)
 E - 7 atropa-tipped darts
Armour
 e - a +0 cloak (worn)
 f - a +0 plate armour
 q - a +0 helmet (worn)
 s - a +0 buckler
 u - a +0 pair of boots (worn)
 y - a +2 ring mail of poison resistance (worn)
 D - a +0 pair of gloves (worn)
Magical Staves
 c - a staff of conjuration
Jewellery
 J - a ring of ice
 N - a ring of positive energy (left hand)
 P - a +4 ring of protection (right hand)
 R - an amulet of regeneration (around neck)
Wands
 g - a wand of iceblast (5)
 n - a wand of flame (31)
 r - a wand of polymorph (2)
 v - a wand of charming (7)
 H - a wand of paralysis (4)
Scrolls
 o - 4 scrolls of magic mapping
 t - 3 scrolls of amnesia
 w - 2 scrolls of noise
 x - 6 scrolls of identify
 B - a scroll of blinking
 C - 4 scrolls of teleportation
 G - a scroll of fear
Potions
 d - 5 potions of curing
 j - 5 potions of heal wounds
 k - a potion of might
 l - 3 potions of cancellation
 m - a potion of resistance
 p - 2 potions of magic
 z - 3 potions of lignification
 F - a potion of brilliance
 I - a potion of flight
Miscellaneous
 A - a box of beasts


   Skills:
 + Level 10.4 Fighting
 - Level 6.0(10.7) Maces & Flails
 - Level 13.5(14.0) Staves
 + Level 10.5 Armour
 - Level 10.0 Dodging
 - Level 2.0 Stealth
 - Level 10.0 Evocations


You had 14 spell levels left.
You didn't know any spells.
Your spell library contained the following spells:

 Spells                   Type           Power      Damage    Failure   Level
 Animate Skeleton         Necr           0%         N/A       56%         1
 Corona                   Hex            0%         N/A       56%         1
 Magic Dart               Conj           0%         1d3       56%         1
 Pain                     Necr           0%         1d4       56%         1
 Ensorcelled Hibernation  Hex/Ice        0%         N/A       71%         2
 Searing Ray              Conj           0%         3d3       71%         2
 Confusing Touch          Hex            0%         N/A       90%         3
 Dazzling Flash           Conj/Hex       0%         N/A       90%         3
 Tukima's Dance           Hex            0%         N/A       90%         3
 Vampiric Draining        Necr           0%         2d6       90%         3
 Animate Dead             Necr           0%         N/A       100%        4
 Fulminant Prism          Conj/Hex       0%         3d6       100%        4
 Iskenderun's Mystic Bla  Conj/Tloc      0%         2d3       100%        4
 Agony                    Necr           0%         N/A       100%        5


Dungeon Overview and Level Annotations

Branches:
Dungeon (14/15)            Temple (1/1) D:4            Lair (0/6) D:8
    Orc (0/2) D:12
 Vaults: D:13-14

Altars:
Ashenzari
Cheibriados
Dithmenos
Elyvilon
Fedhas
Gozag
Hepliaklqana
Kikubaaqudgha
Makhleb
Nemelex Xobeh
Okawaru
Qazlal
Ru
Sif Muna
Trog
Uskayaw
Vehumet
Wu Jian
Xom
Yredelemnul
Zin
The Shining One
Beogh
Jiyva

Shops:
D:3 =!![:   D:13 ?


Innate Abilities, Weirdness & Mutations

Your body sometimes deteriorates upon taking damage.
Potions are less effective at restoring your health.


Message History

The killer bee stings you.
* * * LOW HITPOINT WARNING * * *
The meliai calls upon its god to heal the killer bee.
The killer bee's wounds heal themselves!
The killer bee closely misses you.
You hear an angry buzzing noise.
You hit the killer bee.
Lightning courses through the killer bee!
The killer bee is severely wounded.
You hear an angry buzzing noise. x2
The meliai calls down the wrath of its god upon you.
Something smites you!
* * * LOW HITPOINT WARNING * * *
Your body deteriorates!
You feel dopey. The killer bee misses you.
You slash the killer bee!
Lightning courses through the killer bee!
You kill the killer bee!
The Council accepts your kill. The meliai completely misses you.
The meliai stings you but does no damage.
You slash the meliai!
The meliai is heavily wounded.
The meliai closely misses you. The meliai barely misses you.
You miss the meliai.
The meliai is heavily wounded.
The meliai invokes the aid of its god against you.
Something smites you!
* * * LOW HITPOINT WARNING * * *
The meliai misses you. The meliai stings you.
* * * LOW HITPOINT WARNING * * *
You are poisoned.
The meliai poisons you!
You slash the meliai!
The meliai is severely wounded.
* * * LOW HITPOINT WARNING * * *
You feel very sick.
The meliai calls down the wrath of its god upon you.
Something smites you!
You die... ...#.# yyy

.....# #†# ..#..# #C# ##. .....#
#.# #.. .#...# #§# ##'## ....##
#§# #.... #...####### #§# #....
..........########.####### #....
.#..............@y.......####....
..(.......########.#####....'....
..#.......# #...# ######....
.).)......# ###.# #....
)..#.###.## #.# #.... .....# #.#
#.# ###'# ...### #.# #.# #.. ####
##.# #.# ##. #.### #.# ##


You could see a meliai.

Vanquished Creatures
  A quicksilver ooze (D:12)
  The ghost of Armakuni the Exorcist, a journeyman HuAr of the Shining One (D:12)
  The ghost of Flogoulo the Basher, a novice TrCK of Xom (D:9)
  A tengu warrior (D:14)
  2 centaur warriors (D:13)
  A catoblepas (D:14)
  6 two-headed ogres
  A skeletal warrior (D:11)
  A deep elf pyromancer (D:14)
  An orc knight (D:12)
  A manticore (D:14)
  3 cyclopes
  A gargoyle (D:11)
  An unseen horror (D:13)
  3 kobold demonologists
  A komodo dragon (D:7)
  An efreet (D:14)
  A yaktaur (shapeshifter) (D:11)
  A tengu conjurer (D:14)
  2 trolls
  A troll (shapeshifter) (D:8)
  4 meliai (D:14)
  Grinder (D:2)
  2 queen bees
  23 slime creatures
  A tarantella (shapeshifter) (D:9)
  A wyvern (D:8)
  17 yaks
  A shadow (D:11)
  2 wraiths
  8 vampire mosquitoes
  Menkaure (D:6)
  Edmund (D:6)
  Duvessa (D:6)
  8 orc warriors
  3 sky beasts
  An ice beast (D:3)
  4 black bears
  A hornet zombie (D:5)
  6 ogres
  15 centaurs
  4 kobold brigands
  3 bullfrogs
  A scorpion (D:5)
  Dowan (D:6)
  A water moccasin zombie (D:6)
  23 killer bees
  4 howler monkeys
  3 wights (D:9)
  A bullfrog zombie (D:7)
  4 centaur zombies
  5 hounds
  4 jellies (D:12)
  A gnoll shaman (D:8)
  7 orc priests
  2 bullfrog skeletons (D:5)
  Crazy Yiuf (D:3)
  Natasha (twice) (D:3)
  9 orc wizards
  2 iguanas
  A hound skeleton (D:5)
  3 howler monkey zombies
  5 gnolls (D:8)
  7 adders
  A shadow imp (D:7)
  A white imp (D:6)
  An adder zombie (D:5)
  2 worms
  2 dart slugs
  58 orcs
  9 bats
  3 endoplasms
  6 giant cockroaches
  7 goblins
  9 hobgoblins
  3 quokkas
  14 ball pythons
  5 frilled lizards
  11 kobolds
  6 rats
365 creatures vanquished.

Vanquished Creatures (collateral kills)
  An ugly thing (D:14)
1 creature vanquished.

Vanquished Creatures (others)
  3 ugly things (D:14)
  A slime creature (D:14)
  A human (D:14)
  5 fungi (D:3)
10 creatures vanquished.

Grand Total: 376 creatures vanquished

Notes
Turn   | Place    | Note
-------+----------+-------------------------------------------
     0 | D:1      | Armakuni the Human Monk began the quest for the Orb.
     0 | D:1      | Reached XP level 1. HP: 18/18 MP: 1/1
   130 | D:1      | Found a faded altar of an unknown god.
   163 | D:1      | Reached XP level 2. HP: 22/24 MP: 2/2
   446 | D:1      | Reached XP level 3. HP: 21/29 MP: 3/3
  1338 | D:2      | Reached XP level 4. HP: 34/37 MP: 4/4
  2113 | D:3      | Found Hafun's Jewellery Shop.
  2116 | D:3      | Found Faqeik's Armour Emporium.
  2122 | D:3      | Found Niel's Book Shop.
  2123 | D:3      | Found Zetuesseh's Distillery.
  2301 | D:3      | Reached XP level 5. HP: 35/42 MP: 5/5
  2311 | D:3      | Bought a potion of berserk rage for 60 gold pieces
  2312 | D:3      | Found Cefyec's Distillery.
  2392 | D:3      | Noticed Grinder
  2632 | D:2      | Identified a scroll of acquirement
  2632 | D:2      | Acquired 715 gold pieces
  2647 | D:3      | Noticed an ice beast
  2661 | D:3      | Killed an ice beast
  2662 | D:3      | Reached skill level 5 in Fighting
  2662 | D:3      | Reached skill level 5 in Maces & Flails
  2662 | D:3      | Reached XP level 6. HP: 51/51 MP: 6/6
  2905 | D:3      | Paralysed by Grinder for 3 turns
  2920 | D:2      | Killed Grinder
  2921 | D:2      | Reached XP level 7. HP: 38/57 MP: 7/7
  3115 | D:3      | Found a sparkling altar of Nemelex Xobeh.
  3234 | D:3      | Found a snail-covered altar of Cheibriados.
  3295 | D:3      | Noticed Natasha
  3304 | D:3      | Killed Natasha
  3331 | D:3      | Noticed Natasha
  3339 | D:3      | Killed Natasha
  3473 | D:3      | Found a runed translucent door.
  3474 | D:3      | Noticed Crazy Yiuf
  3622 | D:3      | Gained mutation: You are weak. (Str -2) [potion of
                  | mutation]
  3622 | D:3      | Gained mutation: You are resistant to electric shocks.
                  | (rElec) [potion of mutation]
  3675 | D:3      | Bought a potion of mutation for 96 gold pieces
  3675 | D:3      | Bought a potion of lignification for 36 gold pieces
  3675 | D:3      | Lost mutation: You are weak. (Str -2) [potion of mutation]
  3675 | D:3      | Lost mutation: You are resistant to electric shocks.
                  | (rElec) [potion of mutation]
  3675 | D:3      | Gained mutation: Your body sometimes deteriorates upon
                  | taking damage. [potion of mutation]
  3675 | D:3      | Gained mutation: Potions are less effective at restoring
                  | your health. [potion of mutation]
  3738 | D:3      | Killed Crazy Yiuf
  3933 | D:4      | Reached skill level 1 in Staves
  3992 | D:4      | Reached skill level 2 in Staves
  4093 | D:4      | Reached XP level 8. HP: 48/64 MP: 8/8
  4214 | D:4      | Reached skill level 3 in Staves
  4346 | D:4      | Reached skill level 4 in Staves
  4550 | D:3      | Bought a potion of heal wounds for 60 gold pieces
  4550 | D:3      | Bought a potion of heal wounds for 60 gold pieces
  4550 | D:3      | Bought a potion of heal wounds for 60 gold pieces
  4553 | D:3      | Bought a potion of heal wounds for 70 gold pieces
  4553 | D:3      | Bought a potion of might for 56 gold pieces
  4553 | D:3      | Bought 2 potions of cancellation for 224 gold pieces
  4839 | D:4      | Found a staircase to the Ecumenical Temple.
  5437 | D:5      | Entered Level 5 of the Dungeon
  5449 | D:5      | Reached skill level 5 in Staves
  5692 | D:5      | Reached skill level 6 in Staves
  5963 | D:5      | Reached skill level 7 in Staves
  5963 | D:5      | Reached XP level 9. HP: 47/69 MP: 9/9
  6602 | D:5      | Reached skill level 8 in Staves
  6719 | D:6      | Noticed Menkaure
  6726 | D:6      | Killed Menkaure
  6841 | D:6      | Reached skill level 9 in Staves
  7024 | D:6      | Found a shimmering blue altar of Sif Muna.
  7496 | Temple   | Entered the Ecumenical Temple
  7673 | Temple   | Became a worshipper of the Wu Jian Council
  7673 | Temple   | Reached * piety under Wu Jian
  7673 | Temple   | Reached ** piety under Wu Jian
  7851 | D:6      | Noticed Duvessa
  7851 | D:6      | Noticed Dowan
  7851 | D:6      | Noticed Edmund
  7855 | D:6      | Killed Duvessa
  7864 | D:6      | Killed Edmund
  7865 | D:6      | Reached skill level 10 in Staves
  7873 | D:6      | Killed Dowan
  8721 | D:7      | Noticed Joseph
  8722 | D:7      | Noticed Joseph
  8722 | D:7      | Joseph changed into Joseph the komodo dragon
  8739 | D:7      | Killed Joseph the komodo dragon
  8740 | D:7      | Reached XP level 10. HP: 36/76 MP: 10/10
  8968 | D:7      | Reached skill level 11 in Staves
 10429 | D:6      | Reached skill level 12 in Staves
 10782 | D:8      | Found a staircase to the Lair.
 11033 | D:8      | Found a glowing silver altar of Zin.
 11478 | D:8      | Noticed Harold
 11483 | D:8      | Harold changed into Harold the shapeshifter
 11948 | D:9      | Reached skill level 13 in Staves
 11999 | D:9      | Reached *** piety under Wu Jian
 12004 | D:9      | Noticed a glowing shapeshifter
 12004 | D:9      | a kobold brigand changed into a glowing shapeshifter
 12005 | D:9      | a glowing shapeshifter changed into a tarantella
 12011 | D:9      | Reached XP level 11. HP: 51/81 MP: 11/11
 12311 | D:9      | Found a runed translucent gate.
 12312 | D:9      | Found a runed translucent gate.
 12313 | D:9      | Found a runed translucent gate.
 12317 | D:9      | Noticed Flogoulo's ghost (novice TrCK)
 12333 | D:9      | Killed Flogoulo's ghost
 13712 | D:10     | Entered Level 10 of the Dungeon
 13713 | D:10     | Acquired a +0 lajatang of electrocution
 13776 | D:10     | Noticed a two-headed ogre
 13784 | D:10     | Killed a two-headed ogre
 14787 | D:11     | Noticed a two-headed ogre
 14794 | D:11     | Killed a two-headed ogre
 14794 | D:11     | Noticed a two-headed ogre
 14795 | D:11     | Reached skill level 10 in Fighting
 14795 | D:11     | Reached skill level 1 in Armour
 14807 | D:11     | Killed a two-headed ogre
 14808 | D:11     | Reached XP level 12. HP: 76/97 MP: 12/12
 15521 | D:11     | Reached skill level 5 in Dodging
 15594 | D:11     | Noticed a skeletal warrior
 15625 | D:11     | Killed a skeletal warrior
 15639 | D:11     | Reached XP level 13. HP: 86/103 MP: 13/13
 15640 | D:11     | Reached XP level 14. HP: 92/110 MP: 14/14
 15647 | D:11     | Reached **** piety under Wu Jian
 15866 | D:12     | Reached skill level 10 in Dodging
 15876 | D:12     | HP: 2/110 [vampire mosquito (9)]
 16277 | D:12     | Found a staircase to the Orcish Mines.
 16349 | D:12     | Reached skill level 10 in Armour
 16540 | D:12     | Found a runed translucent gate.
 16540 | D:12     | Found a runed translucent gate.
 16540 | D:12     | Found a runed translucent gate.
 16540 | D:12     | Noticed a quicksilver ooze
 16543 | D:12     | Found a viscous altar of Jiyva.
 16543 | D:12     | Noticed Armakuni's ghost (journeyman HuAr)
 16550 | D:12     | Killed a quicksilver ooze
 16551 | D:12     | Reached skill level 5 in Evocations
 16552 | D:12     | Killed Armakuni's ghost
 17164 | D:13     | Found Apor's Magic Scroll Emporium.
 17167 | D:13     | Bought a scroll of magic mapping for 35 gold pieces
 17167 | D:13     | Bought a scroll of teleportation for 30 gold pieces
 17167 | D:13     | Bought a scroll of teleportation for 30 gold pieces
 17367 | D:13     | Reached ***** piety under Wu Jian
 18214 | D:14     | Reached XP level 15. HP: 77/115 MP: 15/15
 18396 | D:14     | Reached skill level 10 in Evocations
 18828 | D:14     | Killed from afar by a meliai

Illustrated notes

Levels and vault maps discovered:
D:1:      sevenhm_arrival_forest_fort_large_1, layout_basic,
          chequers_ecumenical_altar_simple_redux, minmay_tripent
D:2:      layout_loops_cross
D:3:      layout_rooms, gammafunk_temple_overflow_statue, serial_shops, shop,
          nicolae_shop_competitors_out_of_business, nicolae_shop_trees,
          nicolae_shop_window_shopping, nicolae_shop_statue_plus, uniq_grinder,
          uniq_crazy_yiuf_cottage, uniq_natasha
D:4:      layout_basic, minmay_temple_entry_from_below_a,
          kennysheep_generic_room_7
D:5:      layout_basic, st_stairs_10, minivault_27, grunt_ministairs_2,
          minivault_11
D:6:      layout_layer_cave, led_sif_pool, uniq_duvessa, uniq_menkaure,
          uniq_edmund
D:7:      layout_cave_pools, uniq_joseph
D:8:      layout_loops_ring, zin_statuary, dpeg_oklobed_lair, uniq_harold
D:9:      layout_layer_cave, ebering_ghost_rock_garden
D:10:     layout_basic, chequers_serial_rivers_micro_b
D:11:     layout_loops_ring, grunt_tough_drop
D:12:     layout_basic, orc_0_dummy, gammafunk_ghost_ooze, special_room
          [special_room_orc]
D:13:     layout_irregular_city, serial_shops, shop
D:14:     layout_roguey [special_room_bee], ximxim_vaults_locker_room,
          minmay_misc_feat_more_columns, chequers_serial_rivers_small_3
Temple:   regret_index_temple_mists

Skill      XL: |  1  2  3  4  5  6  7  8  9 10 11 12 13 14 15 |
---------------+----------------------------------------------+-----
Fighting       | 4 5 6 10 | 10.4
Maces & Flails | 4 5 6 |  6.0
Staves         | 2 7 10 13 | 13.5
Armour         | 2 7 9 10 | 10.5
Dodging        | 4 8 9 10 | 10.0
Evocations     | 4 9 10 | 10.0
Stealth        | |  2.0

Action                   |  1- 3 |  4- 6 |  7- 9 | 10-12 | 13-15 || total
-------------------------+-------+-------+-------+-------+-------++-------
Melee: Mace              |   107 |    88 |       |       |       ||   195
       Flail             |       |    19 |    30 |       |       ||    49
       Quarterstaff      |       |       |   233 |   297 |       ||   530
       Unarmed           |       |       |     7 |       |       ||     7
       Lajatang          |       |       |       |   112 |   330 ||   442
Throw: Dart              |     2 |    16 |    13 |       |       ||    31
       Javelin           |       |       |       |       |     2 ||     2
Invok: Whirlwind         |       |       |       |    47 |    14 ||    61
       Lunge             |       |       |       |    28 |    11 ||    39
       Serpent's Lash    |       |       |       |     2 |     2 ||     4
       Heavenly Storm    |       |       |       |       |     1 ||     1
 Abil: Wall Jump         |       |       |     5 |     3 |       ||     8
Evoke: Wand              |       |       |     2 |    10 |    45 ||    57
  Use: Scroll            |     3 |     2 |     3 |    10 |     8 ||    26
       Potion            |       |     4 |     3 |     6 |     1 ||    14
 Stab: Sleeping          |     3 |     2 |       |       |     1 ||     6
       Distracted        |       |       |     1 |       |     1 ||     2
       Confused          |       |       |       |     2 |       ||     2
       Petrified         |       |       |       |     1 |       ||     1
       Paralysed         |       |       |       |       |    17 ||    17
Armor: Robe              |    12 |       |       |       |       ||    12
       Leather armour    |    21 |    19 |     2 |       |       ||    42
       Skin              |       |    11 |     7 |       |       ||    18
       Ring mail         |       |       |    78 |    87 |   120 ||   285
Dodge: Dodged            |   103 |    80 |   136 |   147 |   259 ||   725

Table legend: (Time is in decaauts)
 A = Elapsed time spent in this place.
 B = Non-inter-level travel time spent in this place.
 C = Inter-level travel time spent in this place.
 D = Time resting spent in this place.
 E = Time spent auto-exploring this place.
 F = Levels seen in this place.
 G = Mean time per level.
                   A        B        C        D        E       F      G
               +--------+--------+--------+--------+--------+-----+--------+
         Total |  18750 |  18143 |    607 |   5150 |   9771 |  15 | 1250.0 |
       Dungeon |  18503 |  17925 |    578 |   5150 |   9592 |  14 | 1321.6 |
        Temple |    247 |    218 |     29 |      0 |    179 |   1 |  247.0 |
               +--------+--------+--------+--------+--------+-----+--------+

Top non-repeatable levels by time:
     D:6: 2746 daAuts
     D:9: 1912 daAuts
     D:2: 1802 daAuts
     D:3: 1357 daAuts
     D:4: 1352 daAuts
     D:5: 1331 daAuts
    D:11: 1264 daAuts
    D:12: 1084 daAuts
    D:10: 1052 daAuts
     D:8: 1024 daAuts
     D:1: 1005 daAuts
     D:7: 971 daAuts
    D:13: 927 daAuts
    D:14: 670 daAuts
  Temple: 247 daAuts
